 Dungeon Crawl Stone Soup version 0.29.1-2-gbd0b4ee654 (webtiles) character file.

Game seed: 11567366963824105072

834 xian the Schismatic (level 7, -20/55 HPs)
             Began as a Demonspawn Abyssal Knight on Nov 17, 2022.
             Was an Elder of Lugonu.
             Demolished by an ogre
             ... wielding a +0 giant club
              (32 damage)
             ... on level 5 of the Dungeon.
             The game lasted 00:13:45 (6134 turns).

xian the Schismatic (Demonspawn Abyssal Knight)     Turns: 6134, Time: 00:13:45

Health: -20/55     AC:  9    Str: 15    XL:     7   Next: 66%
Magic:  11/11      EV: 12    Int: 12    God:    Lugonu [****..]
Gold:   160        SH:  0    Dex: 13    Spells: 6/6 levels left

rFire   . . .      SeeInvis .   a - +2 short sword
rCold   + . .      Faith    .   (no shield)
rNeg    . . .      Spirit   .   f - +1 ring mail
rPois   .          Reflect  .   r - +0 helmet
rElec   .          Harm     .   e - +0 cloak
rCorr   .          Rampage  .   (no gloves)
Will    .....                   (no boots)
Stlth   +.........              (no amulet)
HPRegen 0.18/turn               m - ring of protection from cold
MPRegen 0.12/turn               (no ring)

@: no status effects
A: hooves 2, powered by pain 2, sturdy frame 1
a: Renounce Religion, Depart the Abyss, Bend Space, Banish, Corrupt


You were on level 5 of the Dungeon.
You worshipped Lugonu.
Lugonu was greatly pleased with you.
You visited 1 branch of the dungeon, and saw 5 of its levels.
You visited the Abyss 1 time.

You collected 160 gold pieces.

Inventory:

Hand Weapons
 a - a +2 short sword (weapon)
Missiles
 d - 4 poisoned darts (quivered)
 l - 3 silver javelins
 s - 6 javelins
Armour
 e - a +0 cloak (worn)
 f - a +1 ring mail (worn)
 r - a +0 helmet (worn)
Magical Staves
 i - a staff of air
Jewellery
 m - a ring of protection from cold (left hand)
Scrolls
 g - 2 scrolls of fog {unknown}
 n - a scroll of amnesia
 o - 2 scrolls of poison {unknown}
Potions
 b - a potion of flight
 h - 2 potions of attraction
 p - a potion of lignification


   Skills:
 + Level 4.3 Fighting
 + Level 4.3 Short Blades
 + Level 0.4 Throwing
 + Level 3.8 Armour
 + Level 3.0 Dodging
 + Level 1.6 Stealth
 * Level 5.5 Invocations


You had 6 spell levels left.
You didn't know any spells.
Your spell library contained the following spells:

 Spells                   Type           Power      Damage    Failure   Level
 Ensorcelled Hibernation  Hex/Ice        0%         N/A       56%         2
 Passwall                 Tmut/Erth      0%         N/A       56%         2
 Swiftness                Air            0%         N/A       80%         3


Dungeon Overview and Level Annotations

Branches:
Dungeon (5/15)
 Temple: D:4-7

Altars:
Gozag
Xom
Yredelemnul

Shops:
D:1 [*(?

Annotations:
D:1 lots of uniques in shop


Innate Abilities, Weirdness & Mutations

You have hoof-like feet.
You sometimes gain power by taking damage.
Your movements are slightly less encumbered by armour. (ER -2)


Message History

The phantom hits you but does no damage.
You hit the phantom. Your kick misses the phantom.
The phantom is heavily damaged.
The phantom hits you but does no damage.
You barely miss the phantom. You kick the phantom.
The phantom is heavily damaged.
You barely miss the phantom. You kick the phantom.
The phantom is heavily damaged.
The phantom hits you.
The phantom blinks!
You blink.
An iguana comes into view.
Found a stone staircase leading up.
The phantom attacks as you move away!
The phantom hits you but does no damage.
The phantom attacks as you move away! The phantom barely misses you.
The adder bites you but does no damage.
You closely miss the adder. The adder bites you but does no damage.
The phantom hits you but does no damage.
The adder closely misses you.
You hit the adder. You kick the adder.
The adder is heavily wounded.
The phantom misses you. The adder barely misses you.
You hit the adder. Your kick misses the adder.
The adder is severely wounded.
The phantom barely misses you. The adder completely misses you.
You hit the adder.
You kill the adder!
Lugonu accepts your kill. The phantom hits you.
The phantom blinks!
You blink.
Unknown command.
The ogre hits you with a +0 giant club!
* * * LOW HITPOINT WARNING * * *
The ogre attacks as you move away! The ogre closely misses you.
You closely miss the phantom. Your kick misses the phantom.
The phantom is heavily damaged.
The phantom hits you but does no damage.
You hit the ogre. You kick the ogre.
The ogre is almost dead.
The ogre hits you with a +0 giant club!!
Ouch! That really hurt!
You die...

***,** #.........#.....##'##..
*,,** #.........##..,##§..##.
**,,***#........#######.§...##
**,l.##.........#.......).##
**#............#.....#####
#..#...............#
***#...............#
#......W........#
##.)..@O........#**
##...............#***
###[.........##..,,**
#..........#*###,,,
#<[.......$..,,,,,,
######....≈§≈≈~~~,,
#...§§≈≈≈~,,,, *.#§§§§.,,,8,,
*.#.§§≈~~~,,,*


You could see an ogre and a phantom.

Vanquished Creatures
  Duvessa (D:5)
  A black bear (D:5)
  A centaur (D:5)
  A scorpion (D:5)
  Dowan (D:5)
  A jelly (D:4)
  4 hounds
  Crazy Yiuf (D:2)
  Jessica (D:3)
  An iguana (D:4)
  Robin (D:2)
  4 gnolls
  7 adders
  2 worms
  A dart slug (D:3)
  2 orcs
  10 ball pythons
  11 endoplasms
  10 giant cockroaches
  14 goblins
  14 hobgoblins
  3 jackals (D:2)
  2 kobolds (D:3)
  5 quokkas
  7 bats
  7 frilled lizards
  8 rats
  A spectral kobold (D:2)
122 creatures vanquished.

Vanquished Creatures (others)
  A gnoll (D:3)
  An orc (D:3)
2 creatures vanquished.

Grand Total: 124 creatures vanquished

Notes
Turn   | Place    | Note
-------+----------+-------------------------------------------
     0 | Abyss:1  | xian the Demonspawn Abyssal Knight began the quest for the
                  | Orb.
     0 | Abyss:1  | Reached XP level 1. HP: 18/18 MP: 2/2
    62 | Abyss:1  | Noticed a large abomination
    72 | Abyss:1  | Noticed a starcursed mass
    79 | Abyss:1  | Noticed a chaos spawn
    86 | Abyss:1  | Noticed a large abomination
    87 | Abyss:1  | Noticed a thrashing horror
    89 | D:1      | Escaped the Abyss
   321 | D:1      | Reached ** piety under Lugonu
   848 | D:1      | Gained mutation: Your movements are slightly less
                  | encumbered by armour. (ER -2) [demonic ancestry]
   848 | D:1      | Reached XP level 2. HP: 18/24 MP: 3/3
   936 | D:1      | Found Soafruw's Antique Weapon Boutique.
  1100 | D:1      | Found Wyqullen's Magic Scroll Shop.
  1337 | D:1      | Found Zoihul's General Store.
  1707 | D:1      | Found Ataralix's Antique Armour Shop.
  1894 | D:1      | Reached skill level 1 in Dodging
  2294 | D:2      | Gained mutation: You sometimes gain a little power by
                  | taking damage. [demonic ancestry]
  2294 | D:2      | Reached XP level 3. HP: 27/29 MP: 5/5
  2355 | D:2      | Reached skill level 3 in Invocations
  2922 | D:2      | Found a faded altar of an unknown god.
  3135 | D:2      | Noticed Robin
  3162 | D:2      | Killed Robin
  3163 | D:2      | Gained mutation: You have large cloven feet. [demonic
                  | ancestry]
  3163 | D:2      | Reached XP level 4. HP: 29/36 MP: 6/6
  3550 | D:2      | Found a runed translucent door.
  3551 | D:2      | Noticed Crazy Yiuf
  3561 | D:2      | Killed Crazy Yiuf
  3879 | D:3      | Noticed Jessica
  3896 | D:3      | Killed Jessica
  3991 | D:3      | Gained mutation: You sometimes gain power by taking damage.
                  | [demonic ancestry]
  3991 | D:3      | Reached XP level 5. HP: 42/42 MP: 7/7
  3993 | D:3      | Reached *** piety under Lugonu
  4134 | D:3      | Found a shimmering altar of Xom.
  4182 | D:3      | Reached skill level 4 in Invocations
  4955 | D:3      | Gained mutation: You have hoof-like feet. [demonic
                  | ancestry]
  4955 | D:3      | Reached XP level 6. HP: 43/48 MP: 9/9
  4973 | D:3      | Reached skill level 1 in Stealth
  5185 | D:4      | Found an opulent altar of Gozag.
  5214 | D:4      | Reached **** piety under Lugonu
  5737 | D:5      | Entered Level 5 of the Dungeon
  5737 | D:5      | Noticed Duvessa
  5737 | D:5      | Noticed Dowan
  5765 | D:5      | Killed Duvessa
  5792 | D:5      | Found a basalt altar of Yredelemnul.
  5800 | D:5      | Killed Dowan
  5801 | D:5      | Reached skill level 5 in Invocations
  5801 | D:5      | Reached XP level 7. HP: 20/54 MP: 10/10
  6134 | D:5      | Demolished by an ogre

Illustrated notes

Levels and vault maps discovered:
D:1:      matt_arrival_spirals, layout_basic, serial_shops,
          nicolae_shop_window_shopping, nicolae_shop_advertising_works
          [nicolae_subvault_shop_adworks], shop, nicolae_shop_statue_plus,
          nrook_uturn
D:2:      layout_basic, dreamdust_ecumenical_altar_drowned_temple,
          uniq_crazy_yiuf_cottage, uniq_robin
D:3:      layout_loops_ring, xom_confusion_cloud, uniq_jessica
D:4:      layout_basic, nicolae_gozag_seed_capital
D:5:      minmay_octagon_keep, layout_rooms, mainiacjoe_overflow_catwalk,
          nicolae_qazlal_scattered_showers, gup_sewer_entry_glass, uniq_duvessa

Skill      XL: |  1  2  3  4  5  6  7 |
---------------+----------------------+-----
Short Blades   | 2 3 4 |  4.3
Armour         | 2 3 |  3.8
Dodging        | 1 2 3 |  3.0
Invocations    | 3 4 5 |  5.5
Stealth        | 1 |  1.6
Fighting       | 4 |  4.3
Throwing       | |  0.4

Action                   |  1- 3 |  4- 6 |  7- 9 || total
-------------------------+-------+-------+-------++-------
Melee: Short sword       |   185 |   216 |    66 ||   467
       Kick              |       |    61 |    27 ||    88
       Punch             |       |     5 |       ||     5
Throw: Dart              |       |     9 |       ||     9
       Javelin           |       |     1 |       ||     1
Invok: Depart the Abyss  |     1 |       |       ||     1
  Use: Scroll            |     6 |       |     4 ||    10
       Potion            |       |    10 |     1 ||    11
 Stab: Sleeping          |       |     1 |       ||     1
       Invisible         |       |     2 |       ||     2
Armor: Leather armour    |    16 |       |       ||    16
       Ring mail         |    79 |    95 |    40 ||   214
       Skin              |       |    26 |       ||    26
Dodge: Dodged            |   113 |   156 |    71 ||   340
